TKirby, chaotic male elven Wizard ------------ |..........| ------ |^I........| |.....#####-........... |....| |..........| |....| |..........| |....| ------------ |....| ------ TKirby the Conjurer Experience level: 3 Strength: 14 Dexterity: 12 Constitution: 12 Intelligence: 20 Wisdom: 10 Charisma: 7 Health: 0(17) Energy: 39(39) Def: 1 Gold: 688 Moves: 1293 Dungeon seed: aMDFpGW9vV-JypN0 Game ID: TKirby_1507058397 Your Inventory: Coins $ - 688 gold pieces Weapons a - a blessed +1 quarterstaff (weapon in hands) v - 41 +0 darts Armor e - an uncursed +0 cloak of magic resistance (being worn) Comestibles r - an uncursed food ration t - an uncursed fortune cookie Scrolls i - an uncursed scroll of light j - an uncursed scroll of identify k - an uncursed scroll of create monster C - an uncursed scroll of stinking cloud F - a blessed scroll of light J - an uncursed scroll of enchant armor Spellbooks l - a blessed spellbook of force bolt m - an uncursed spellbook of knock q - an uncursed spellbook of slow monster B - an uncursed spellbook of wizard lock G - an uncursed spellbook of cause fear I - an uncursed spellbook of turn undead Potions f - an uncursed potion of paralysis g - an uncursed potion of water h - an uncursed potion of confusion z - an uncursed potion of extra healing Rings c - an uncursed +2 ring of gain constitution d - an uncursed ring of fire resistance Wands b - a wand of speed monster (0:8) H - a wand of slow monster (0:4) Tools n - a magic marker (0:76) o - an uncursed bugle p - an uncursed tallow candle (0:200) Spells and supernatural/magical abilities: Name Level Category Fail Memory a - force bolt 1 attack 0% 94% c - cause fear 3 enchantment 0% 100% k - knock 1 matter 0% 94% s - slow monster 2 enchantment 0% 94% w - wizard lock 2 matter 39% 98% W - pray for help -- divine ? -- Your skills at the end: Fighting Skills Weapon Skills quarterstaff [Basic] Spellcasting Skills attack spells [Basic] enchantment spells [Basic] Final Attributes: You were piously aligned. You were magic-protected. You had infravision. You are dead. Vanquished creatures: a shrieker a floating eye a dwarf zombie a wererat 2 acid blobs 4 jackals a kobold a goblin a sewer rat a grid bug 3 lichens a kobold zombie 5 newts 23 creatures vanquished. Voluntary challenges: You were an atheist. You used a wielded weapon 21 times, starting on turn 149. You read items or engraved 17 times, starting on turn 73. You never genocided any monsters. You never polymorphed an object. You never changed form. You used no wishes. You never split a pudding. You never wrote Elbereth's name. You never violated your personal moral code. Dungeon overview: The Dungeons of Doom: levels 1 to 6 Level 1 a sink a long staircase Level 2 a fountain Level 3 some fountains, a sink Level 4 Level 6 <- You were here History has recorded: On T:1 you entered the Dungeons of Doom to retrieve the Amulet of Yendor! On T:500 you reached level 2 of The Dungeons of Doom. On T:591 you advanced to experience level 2. On T:869 you reached level 3 of The Dungeons of Doom. On T:969 you advanced to experience level 3. On T:1193 you reached level 4 of The Dungeons of Doom. On T:1227 you reached level 6 of The Dungeons of Doom. Score breakdown: Gold: 688 ( 9654 points) Experience: 3 levels ( 7878 points) Exploration: 6 levels ( 12.24%) ( 9682 points) Discoveries: 5 items ( 1.81%) ( 4030 points) Valuables value: (no points given unless you survive) Artifact value: 0 ( 0 points) Variety of kills: 13 monsters ( 3.41%) ( 5541 points) Turncount: 1293 turns ( 0 points) Survival: died (score multiplied by 80%) Total score: 29428 Latest messages: You miss the dwarf zombie. You destroy the dwarf zombie! You see here a pink spellbook. I - a pink spellbook. You hear water falling on coins. You begin to memorize the runes. You are beginning to feel hungry. You stop studying. The spell hits the floating eye! You kill the floating eye! J - a scroll labeled KERNOD WEL. You stop exploring. As you read the scroll, it disappears. This is an identify scroll. I - an uncursed spellbook of turn undead. H - a wand of slow monster (0:4). A cloud of gas puts you to sleep! It hits! (6x) You die... Final status: Goodbye TKirby the Wizard, killed by a gnome zombie, while sleeping... You died in The Dungeons of Doom on dungeon level 6 with 29428 points, and 688 pieces of gold, after 1293 moves. You were level 3 with a maximum of 17 hit points when you died.